 Dungeon Crawl Stone Soup version 0.29-a0-666-g26d293caef (webtiles) character file.

Game seed: 17356473352229768561

90 NoAnimeNoLife the Insei (level 4, 0/30 HPs)
             Began as an Octopode Transmuter on June 23, 2022.
             Was an Initiate of Ashenzari.
             Slain by Pargi (1 damage)
             ... in a sewer.
             The game lasted 00:02:52 (3523 turns).

NoAnimeNoLife the Insei (Octopode Transmuter)       Turns: 3523, Time: 00:02:53

Health: 0/30       AC:  1    Str:  9    XL:     4   Next: 56%
Magic:  7/7        EV: 13    Int: 17    God:    Ashenzari [......]
Gold:   128        SH:  0    Dex: 12    Spells: 6/7 levels left

rFire   . . .      SeeInvis .   r - +8 dagger "Aziam" {pain, Fly Stlth+}
rCold   . . .      Faith    .   (no shield)
rNeg    . . .      Spirit   .   (helmet restricted)
rPois   .          Reflect  .   (no amulet)
rElec   .          Harm     .   h - ring of willpower
rCorr   .          Rampage  .   (no ring)
Will    +....                   (no ring)
Stlth   +++++.....              (no ring)
HPRegen 0.10/turn               (no ring)
MPRegen 0.10/turn               (no ring)
                                (no ring)
                                (no ring)

@: flying
A: almost no armour, amphibious, 8 rings, camouflage 1, gelatinous body 1,
nimble swimmer 1, tentacles
a: Renounce Religion


You were in a sewer.
You worshipped Ashenzari.
Ashenzari was noncommittal.
You visited 1 branch of the dungeon, and saw 3 of its levels.
You also visited: Sewer.

You collected 128 gold pieces.

Inventory:

Hand Weapons
 r - the +8 dagger "Aziam" (weapon) {pain, Fly Stlth+}
   (You found it on level 3 of the Dungeon)

   In the hands of one skilled in necromantic magic, it inflicts extra damage on
   living creatures.
   Fly:       It grants you flight.
   Stlth:     It makes you more stealthy.
Jewellery
 h - a ring of willpower (left tentacle)
 n - a ring of fire
Scrolls
 b - a scroll of identify {unknown}
 d - a scroll of amnesia {unknown}
 e - a scroll of poison {unknown}
 g - a scroll of immolation {unknown}
 i - 2 scrolls of enchant armour {unknown}
 k - a scroll of magic mapping
 l - 2 scrolls of fear {unknown}
 o - 2 scrolls of teleportation {unknown}
 p - a scroll of summoning {unknown}
 q - 2 scrolls of silence {unknown}
Potions
 a - 2 potions of lignification
 c - a potion of invisibility {unknown}
 f - 2 potions of attraction {unknown}
 j - 2 potions of might {unknown}
 m - a potion of cancellation {unknown}


   Skills:
 + Level 2.5 Fighting
 - Level 2.0 Dodging
 + Level 3.2 Stealth
 + Level 3.8 Unarmed Combat
 - Level 2.0 Spellcasting
 - Level 2.0 Transmutations


You had 6 spell levels left.
You knew the following spells:

 Your Spells              Type           Power      Damage    Failure   Level
a - Beastly Appendage     Tmut           16%        N/A       9%          1

Your spell library contained the following spells:

 Spells                   Type           Power      Damage    Failure   Level
 Wereblood                Tmut           8%         N/A       13%         2
 Magic Dart               Conj           4%         1d3       19%         1
 Call Imp                 Summ           1%         N/A       28%         2
 Spider Form              Tmut/Pois      5%         N/A       36%         3
 Mephitic Cloud           Conj/Pois/Air  1%         N/A       50%         3
 Ice Form                 Ice/Tmut       5%         N/A       77%         4


Dungeon Overview and Level Annotations

Branches:
Dungeon (3/15)              Sewer (1/1)

Altars:
Ashenzari
Yredelemnul

Annotations:
Sewer Pargi


Innate Abilities, Weirdness & Mutations

You cannot wear most types of armour.
You are amphibious.
You can wear up to eight rings at the same time.
Your skin changes colour to match your surroundings (Stealth+).
Your rubbery body absorbs attacks. (AC +1, EV +1)
You are camouflaged when in or above water. (Stealth+)
You have tentacles for arms and can constrict up to eight enemies at once.


Message History

Found a gate leading back out of this place.
There is an empty arch of ancient stone here.
An adder comes into view.
An adder is nearby!
An adder is nearby!
The helpless adder fails to defend itself.
You impale the adder!!
You kill the adder!
Pargi the Meek comes into view.
Pargi is nearby!
Pargi is nearby!
Pargi is nearby!
The helpless Pargi fails to defend himself.
You puncture Pargi! You squeeze Pargi.
Pargi is heavily wounded.
Pargi closely misses you. Pargi misses you. x2
You closely miss Pargi.
Pargi is heavily wounded.
Pargi bites you. Pargi claws you. Pargi barely misses you.
You hit Pargi. Your squeeze misses Pargi.
Pargi is severely wounded.
Pargi bites you! Pargi claws you. Pargi closely misses you.
You are too injured to fight recklessly!
You are too injured to fight recklessly!
You are too injured to fight recklessly!
You hit Pargi.
Pargi is almost dead.
Pargi snarls, "My home!
Leave!"
Pargi bites you.
* * * LOW HITPOINT WARNING * * *
Pargi claws you but does no damage. Pargi claws you.
* * * LOW HITPOINT WARNING * * *
You hit Pargi. Your squeeze misses Pargi.
Pargi is almost dead.
Pargi bites you.
* * * LOW HITPOINT WARNING * * *
Pargi claws you.
* * * LOW HITPOINT WARNING * * *
Pargi claws you.
You die...

##≈≈≈≈≈≈≈≈≈
##≈≈≈≈≈≈≈≈.#
##≈≈≈≈≈≈≈≈≈.#
#≈≈≈≈≈≈≈≈≈..
#≈≈≈≈≈≈≈≈≈≈#
#≈≈≈≈≈≈≈≈.#
##≈≈≈≈≈≈≈T#
#≈≈≈≈≈≈≈@.#
#≈≈≈≈≈≈≈≈##
≈≈≈≈≈≈≈≈##
≈≈≈≈≈≈≈≈.#
#≈≈≈≈≈≈≈##
##≈≈≈≈≈≈.#
#≈≈≈≈≈≈≈≈###
≈≈≈≈≈≈≈≈≈..#
≈≈≈≈≈≈≈≈≈≈≈#


You could see Pargi.

Vanquished Creatures
  A gnoll (D:2)
  2 adders
  2 worms
  2 dart slugs
  5 endoplasms
  3 giant cockroaches (D:2)
  5 goblins
  4 hobgoblins
  3 jackals (D:1)
  4 kobolds
  A quokka (D:1)
  2 ball pythons (D:1)
  8 bats
  3 frilled lizards
  2 rats
47 creatures vanquished.

Vanquished Creatures (others)
  2 orcs (D:3)
2 creatures vanquished.

Grand Total: 49 creatures vanquished

Notes
Turn   | Place    | Note
-------+----------+-------------------------------------------
     0 | D:1      | NoAnimeNoLife the Octopode Transmuter began the quest for
                  | the Orb.
     0 | D:1      | Reached XP level 1. HP: 13/13 MP: 3/3
   121 | D:1      | Reached skill level 1 in Stealth
   129 | D:1      | Reached XP level 2. HP: 4/18 MP: 3/5
  1213 | D:1      | Reached XP level 3. HP: 15/24 MP: 6/6
  2040 | D:2      | Found a faded altar of an unknown god.
  2538 | D:2      | Reached XP level 4. HP: 29/29 MP: 5/7
  2799 | D:2      | Found a broken altar of Ashenzari.
  2814 | D:2      | Became a worshipper of Ashenzari the Shackled
  3193 | D:3      | Identified the +8 dagger "Aziam" {pain, Fly Stlth+}
  3254 | D:3      | Found a glowing drain.
  3394 | D:3      | Found a basalt altar of Yredelemnul.
  3495 | Sewer    | Entered a sewer
  3514 | Sewer    | Noticed Pargi
  3523 | Sewer    | HP: 1/30 [Pargi (1)]
  3523 | Sewer    | Slain by Pargi

Illustrated notes

Levels and vault maps discovered:
D:1:      wander_arrival_desolate, layout_loops_ring, serial_co_window_serial,
          co_window_paths_a, co_window_paths_b, co_window_corner_a,
          co_window_paths_b, co_window_paths_b, co_window_of_opportunity_a,
          co_window_paths_c, co_window_paths_c, co_window_paths_c,
          co_window_2corner, co_window_cross_2, co_window_unsneaky_path_e,
          co_window_4corner_a, glass_columns_b, serial_park_tiny_pond,
          minmay_misc_feat_roman
D:2:      minmay_angry_zag, layout_loops_corners, basic_altar,
          ebering_ecumenical_altar_abandoned
D:3:      layout_loops_ring, fiery_altar_vehumet, yredelemnul_altar_generic,
          grunt_gozag_breadcrumbs, cheibrodos_sewer_entry_bend,
          kennysheep_generic_room_16
Sewer:    sewer_co_pargi_island

Skill      XL: |  1  2  3  4 |
---------------+-------------+-----
Stealth        | 1 2 3 |  3.2
Fighting       | 2 |  2.5
Dodging        | |  2.0
Unarmed Combat | |  3.8
Spellcasting   | |  2.0
Transmutations | |  2.0

Action                   |  1- 3 |  4- 6 || total
-------------------------+-------+-------++-------
Melee: Unarmed           |    69 |    18 ||    87
       Constrict         |    25 |     4 ||    29
       Tentacles         |    12 |     5 ||    17
       Kick              |    12 |     1 ||    13
       Punch             |     3 |     1 ||     4
       Dagger            |       |    10 ||    10
 Cast: Beastly Appendage |    20 |     5 ||    25
  Use: Scroll            |       |     1 ||     1
 Stab: Sleeping          |     4 |     6 ||    10
Armor: Skin              |     4 |     6 ||    10
Dodge: Dodged            |    38 |    11 ||    49

Table legend: (Time is in decaauts)
 A = Elapsed time spent in this place.
 B = Non-inter-level travel time spent in this place.
 C = Inter-level travel time spent in this place.
 D = Time resting spent in this place.
 E = Time spent auto-exploring this place.
 F = Levels seen in this place.
 G = Mean time per level.
                   A        B        C        D        E       F      G
               +--------+--------+--------+--------+--------+-----+--------+
         Total |   3515 |   3396 |    119 |    402 |   2611 |   4 |  878.8 |
       Dungeon |   3487 |   3368 |    119 |    402 |   2601 |   3 | 1162.3 |
         Sewer |     27 |     27 |      0 |      0 |     10 |   1 |   27.0 |
               +--------+--------+--------+--------+--------+-----+--------+

Top non-repeatable levels by time:
     D:1: 1741 daAuts
     D:2: 1389 daAuts
     D:3: 356 daAuts
   Sewer: 27 daAuts
